[Event "42nd Olympiad Baku 2016 Open"]
[Site "Baku"]
[Date "2016.09.06"]
[Round "5.28"]
[White "Marjanovic, Dejan"]
[Black "Johnson, Joshua"]
[Result "1-0"]
[ECO "E63"]
[WhiteElo "2432"]
[BlackElo "2119"]
[Annotator ""]
[PlyCount "95"]
[EventDate "2016.??.??"]
[EventType "team-tourn"]
[EventCountry "AZE"]
[SourceTitle "playchess.com"]
[Source "ChessBase"]
[WhiteTeam "Bosnia  Herzegovina"]
[BlackTeam "TTO"]
[WhiteTeamCountry "BIH"]
[TimeControl "40/5400+30:1800+30"]

1. d4 {(00:00)} Nf6 {(00:00)} 2. c4 {(00:00)} g6 {(
00:00)} 3. Nf3 {(00:12)} Bg7 {(00:00)} 4. g3 {(00:06)} O-O
{(00:00)} 5. Bg2 {(00:05)} d6 {(00:00)} 6. O-O {(
00:22)} Nc6 {(00:00)} 7. Nc3 {(00:21)} a6 {(00:02)} 8. d5
{(00:29)} Na5 {(00:28)} 9. b3 {(00:30)} Bd7 {(01:
20)} 10. Bb2 {(07:43)} b5 {(01:28)} 11. cxb5 {(15:47)}
axb5 {(02:11)} 12. Ne1 {(08:14)} Rb8 {(21:15)} 13. Nd3 {
(07:54)} Nc4 {(22:40)} 14. bxc4 {(09:07)} bxc4 {(
00:58)} 15. Rb1 {(04:46)} cxd3 {(00:04)} 16. Qxd3 {(00:35]
} Ng4 {(04:39)} 17. Ba1 {(01:06)} Ne5 {(03:14)} 18. Qc2 {
(02:32)} c5 {(10:29)} 19. dxc6 {(03:44)} Nxc6 {(00:
42)} 20. Rxb8 {(01:26)} Nxb8 {(02:13)} 21. a4 {(04:12)}
Qa5 {(06:09)} 22. Nd5 {(05:00)} e5 {(00:22)} 23. Nc3 {
(04:46)} Nc6 {(08:20)} 24. e3 {(06:57)} Rd8 {(04:
09)} 25. Rb1 {(01:17)} Bf5 {(01:08)} 26. Be4 {(01:34)} Ne7
{(01:57)} 27. Rb5 {(02:01)} Qa6 {(00:14)} 28. Bxf5 {
(00:55)} Nxf5 {(00:59)} 29. Qb3 {(00:56)} Qc6 {(00:
36)} 30. Rb7 {(04:11)} Rd7 {(08:20)} 31. Rxd7 {(00:54)}
Qxd7 {(00:02)} 32. a5 {(02:10)} Qa7 {(01:18)} 33. Qb5 {
(02:33)} h5 {(00:37)} 34. Nd5 {(00:47)} h4 {(00:32]
} 35. g4 {(01:33)} Ne7 {(00:19)} 36. Nxe7+ {(02:29)} Qxe7
{(00:03)} 37. h3 {(00:37)} Qc7 {(00:27)} 38. Bb2 {(
00:23)} e4 {(00:21)} 39. Bxg7 {(00:37)} Kxg7 {(00:01)} 40.
Qb2+ {(00:00)} Kh6 {(00:00)} 41. a6 {(00:39)} Qa5 {
(01:47)} 42. Qb7 {(01:35)} Qa1+ {(00:29)} 43. Kg2 {
(00:10)} d5 {(00:03)} 44. a7 {(01:48)} Qf6 45. Qxd5 {
(01:09)} Qf3+ {(00:22)} 46. Kg1 {(00:08)} Qxh3 {(
00:50)} 47. Qxe4 {(00:12)} f5 {(00:13)} 48. Qg2 {(00:17)}
1-0

[Event "42nd Olympiad Baku 2016 Open"]
[Site "Baku"]
[Date "2016.09.06"]
[Round "5.3"]
[White "Marko, Helmut"]
[Black "Fejzullahu, Afrim"]
[Result "0-1"]
[ECO "A37"]
[WhiteElo "1939"]
[BlackElo "2298"]
[Annotator ""]
[PlyCount "68"]
[EventDate "2016.??.??"]
[EventType "team-tourn"]
[EventCountry "AZE"]
[SourceTitle "playchess.com"]
[Source "ChessBase"]
[WhiteTeam "Papua New Guinea"]
[BlackTeam "Kosovo"]
[WhiteTeamCountry "PNG"]
[BlackTeamCountry "KOS"]
[TimeControl "40/5400+30:1800+30"]

1. Nf3 {(00:00)} c5 {(00:00)} 2. c4 {(00:00)} Nc6 {
(00:00)} 3. Nc3 {(00:47)} g6 {(00:23)} 4. g3 {(00:
56)} Bg7 {(00:07)} 5. Bg2 {(00:29)} d6 {(00:39)} 6. O-O {
(01:18)} e6 {(01:17)} 7. d3 {(01:48)} Nge7 {(00:08]
} 8. e3 {(07:15)} O-O {(02:00)} 9. Bd2 {(04:03)} d5 {
(00:37)} 10. cxd5 {(05:35)} exd5 {(02:09)} 11. a3 {
(03:58)} b6 {(00:45)} 12. Re1 {(01:32)} a5 {(00:24]
} 13. Rb1 {(03:40)} Ba6 {(00:41)} 14. Bf1 {(09:33)} Qd7 {
(02:22)} 15. Qa4 {(08:02)} Rfd8 {(06:26)} 16. d4 {(
12:17)} Bxf1 {(07:04)} 17. Kxf1 {(05:17)} Nf5 {(10:16)}
18. dxc5 {(01:51)} bxc5 {(00:18)} 19. e4 {(06:35)} Nfd4 {
(07:17)} 20. Ng1 {(04:06)} dxe4 {(01:40)} 21. Nxe4 {
(01:10)} Qd5 {(05:22)} 22. Bg5 {(06:01)} Rdb8 {(18:
24)} 23. Nf6+ {(01:41)} Bxf6 {(00:27)} 24. Bxf6 {(00:02)}
Nf3 {(18:17)} 25. Nxf3 {(02:40)} Qxf3 {(00:21)} 26. Bc3 {
(04:44)} Qh1+ {(01:42)} 27. Ke2 {(00:02)} Re8+ {(
00:54)} 28. Kd2 {(00:38)} Rad8+ {(01:50)} 29. Kc2 {(00:32]
} Qf3 {(07:45)} 30. Qf4 {(03:32)} Qd3+ {(02:20)} 31. Kb3 {
(01:00)} Nd4+ {(00:51)} 32. Ka2 {(01:34)} Qc4+ {(
00:20)} 33. b3 {(00:47)} Qxc3 {(00:20)} 34. Rec1 {(00:58)}
Re2+ {(00:18)} 0-1

[Event "42nd Olympiad Baku 2016 Open"]
[Site "Baku"]
[Date "2016.09.06"]
[Round "5.2"]
[White "Markov, Mikhail"]
[Black "Efimov, Igor"]
[Result "0-1"]
[ECO "A20"]
[WhiteElo "2433"]
[BlackElo "2374"]
[Annotator ""]
[PlyCount "78"]
[EventDate "2016.??.??"]
[EventType "team-tourn"]
[EventCountry "AZE"]
[SourceTitle "playchess.com"]
[Source "ChessBase"]
[WhiteTeam "Kyrgyzstan"]
[BlackTeam "Monaco"]
[WhiteTeamCountry "KGZ"]
[BlackTeamCountry "MNC"]
[TimeControl "40/5400+30:1800+30"]

1. c4 {(00:00)} e5 {(02:54)} 2. g3 {(00:17)} Nf6 {(
01:17)} 3. Bg2 {(00:08)} Nc6 {(03:06)} 4. Nf3 {(06:02)}
Bc5 {(01:00)} 5. Nc3 {(03:03)} d6 {(07:19)} 6. a3 {
(01:00)} a6 {(03:36)} 7. e3 {(02:48)} O-O {(04:27)}
8. O-O {(00:29)} Bg4 {(00:21)} 9. h3 {(00:06)} Bf5 {
(02:56)} 10. d4 {(02:28)} Ba7 {(00:06)} 11. b4 {(
02:22)} h6 {(08:57)} 12. b5 {(01:16)} exd4 {(08:39)} 13.
bxc6 {(06:52)} dxc3 {(00:03)} 14. Nd4 {(06:03)} c2 {
(04:14)} 15. Nxc2 {(07:37)} bxc6 {(02:51)} 16. Nb4 {
(00:06)} c5 {(01:12)} 17. Bxa8 {(04:53)} Qxa8 {(06:
20)} 18. Nd5 {(07:31)} Nxd5 {(01:39)} 19. cxd5 {(05:31)}
Be4 {(08:12)} 20. Bb2 {(11:03)} Bxd5 {(05:58)} 21. Qg4 {
(04:53)} f6 {(00:15)} 22. f3 {(00:30)} Qe8 {(00:59]
} 23. Rfe1 {(10:15)} Be6 {(01:40)} 24. Qh4 {(00:50)} Qb5 {
(03:34)} 25. Bc3 {(00:11)} Qd3 {(00:20)} 26. Ba5 {(
02:17)} d5 {(03:44)} 27. Qf4 {(04:56)} c4 {(01:22)} 28.
Kh1 {(00:23)} g5 {(05:30)} 29. Qxc7 {(00:11)} Bb8 {
(00:47)} 30. Qe7 {(02:51)} Qf5 {(00:58)} 31. Kg1 {(
00:13)} Bxg3 {(00:16)} 32. Re2 {(02:12)} Rf7 {(00:22)} 33.
Qe8+ {(02:47)} Kg7 {(00:08)} 34. Rg2 {(00:11)} Bd7 {
(02:16)} 35. Qa8 {(03:20)} Qxf3 {(00:21)} 36. Bb6 {
(01:02)} Bxh3 {(00:23)} 37. Rga2 {(00:18)} Be5 {(
03:39)} 38. Bd4 {(00:49)} Qg3+ 39. Kh1 Bg4 {(00:23)} 0-1

[Event "42nd Olympiad Baku 2016 Open"]
[Site "Baku"]
[Date "2016.09.06"]
[Round "5.18"]
[White "Masrhi, Abdulrahman A"]
[Black "Mambe, Lobognon Anderson O"]
[Result "1-0"]
[ECO "A40"]
[WhiteElo "1900"]
[BlackElo "1880"]
[Annotator ""]
[PlyCount "83"]
[EventDate "2016.??.??"]
[EventType "team-tourn"]
[EventCountry "AZE"]
[SourceTitle "playchess.com"]
[Source "ChessBase"]
[WhiteTeam "KSA"]
[BlackTeam "CIV"]
[TimeControl "40/5400+30:1800+30"]

1. d4 {(00:00)} e6 {(00:00)} 2. Bf4 {(00:36)} Nf6 {
(01:12)} 3. e3 {(00:24)} a6 {(01:50)} 4. Nf3 {(03:
04)} d5 {(00:51)} 5. Bd3 {(03:48)} c5 {(04:31)} 6. c3 {
(00:29)} Nc6 {(00:54)} 7. Nbd2 {(00:55)} Bd7 {(00:
32)} 8. Ne5 {(03:21)} Rc8 {(01:33)} 9. Ndf3 {(13:46)} Qb6
{(04:32)} 10. Rb1 {(07:45)} h6 {(02:37)} 11. h4 {(
11:20)} Be7 {(06:11)} 12. g4 {(05:08)} cxd4 {(01:34)} 13.
exd4 {(01:24)} Nd8 {(08:36)} 14. Nxd7 {(01:26)} Nxd7 {
(00:57)} 15. Kf1 {(07:39)} Nc6 {(00:45)} 16. Kg2 {(
01:11)} Nf8 {(06:38)} 17. Qe2 {(01:42)} Kd7 {(02:41)} 18.
b4 {(05:08)} Bd6 {(02:13)} 19. Bxd6 {(01:15)} Kxd6 {
(00:04)} 20. b5 {(00:14)} axb5 {(01:23)} 21. Rxb5 {
(01:00)} Qa7 {(01:50)} 22. Rhb1 {(00:25)} Rc7 {(02:
52)} 23. Ne5 {(04:57)} f6 {(04:16)} 24. Rb6 {(04:36)} Ke7
{(03:33)} 25. Nxc6+ bxc6 {(00:12)} 26. Ra6 {(00:36)} Qxa6
27. Bxa6 {(00:13)} Ng6 {(02:51)} 28. Kg3 {(01:21)} Ra8 {
(00:51)} 29. h5 {(00:36)} Nf8 {(00:46)} 30. Rb7 {(
00:16)} Kd6 {(00:56)} 31. Rxc7 {(00:24)} Kxc7 {(00:05)}
32. Bd3 {(00:15)} Re8 {(00:55)} 33. Bg6 {(00:33)} Re7 {
(00:09)} 34. Qa6 {(00:17)} Nd7 {(01:13)} 35. c4 {(
00:54)} dxc4 {(00:35)} 36. Qxc4 {(00:11)} Nb6 {(00:18)}
37. Qc5 {(01:16)} Rd7 {(02:30)} 38. Be8 {(00:15)} Rd6 {
(01:38)} 39. a4 {(00:13)} Nxa4 {(02:17)} 40. Qa7+ {
(00:00)} Kd8 {(00:00)} 41. Qb8+ {(04:04)} Ke7 {(00:
16)} 42. Qc7+ {(00:11)} 1-0

[Event "42nd Olympiad Baku 2016 Open"]
[Site "Baku"]
[Date "2016.09.06"]
[Round "5.30"]
[White "Mastrovasilis, Dimitrios"]
[Black "Goh, Wei Ming Kevin"]
[Result "1/2-1/2"]
[ECO "C02"]
[WhiteElo "2601"]
[BlackElo "2444"]
[Annotator ""]
[PlyCount "57"]
[EventDate "2016.??.??"]
[EventType "team-tourn"]
[EventCountry "AZE"]
[SourceTitle "playchess.com"]
[Source "ChessBase"]
[WhiteTeam "Greece"]
[BlackTeam "Singapore"]
[WhiteTeamCountry "GRE"]
[BlackTeamCountry "SIN"]
[TimeControl "40/5400+30:1800+30"]

1. e4 {(00:00)} e6 {(00:00)} 2. d4 {(00:00)} d5 {(
00:00)} 3. e5 {(00:00)} c5 {(00:00)} 4. c3 {(00:00)} Nc6 {
(00:02)} 5. Nf3 {(00:06)} Qb6 {(00:24)} 6. a3 {(00:
16)} f6 {(00:24)} 7. b4 {(00:19)} fxe5 {(00:18)} 8. bxc5 {
(11:26)} Qa5 {(00:09)} 9. Nxe5 {(02:21)} Nxe5 {(00:
26)} 10. dxe5 {(00:04)} Bxc5 {(07:42)} 11. Bd3 {(00:43)}
Ne7 {(01:51)} 12. Qh5+ {(12:32)} g6 {(01:07)} 13. Qe2 {
(00:07)} Rf8 {(03:54)} 14. O-O {(01:05)} Bd7 {(00:
11)} 15. Bg5 {(04:29)} Rc8 {(12:16)} 16. Ra2 {(04:43)} Nc6
{(14:37)} 17. Kh1 {(07:21)} Rf7 {(05:20)} 18. Rb2 {
(15:23)} Qc7 {(00:55)} 19. f4 {(00:44)} Be7 {(01:
02)} 20. Qg4 {(02:39)} Na5 {(07:24)} 21. Bxe7 {(10:22)}
Rxe7 {(01:24)} 22. Qh3 {(05:35)} Nc4 {(02:32)} 23. Rbf2 {
(00:23)} Qc5 {(01:18)} 24. Bxg6+ {(16:52)} hxg6 {(
00:07)} 25. Qh8+ {(00:11)} Kf7 {(00:03)} 26. Qh7+ {(00:20]
} Kf8 {(00:03)} 27. Qh8+ {(00:54)} Kf7 {(00:04)} 28. Qh7+
{(00:06)} Kf8 {(00:09)} 29. Qh8+ {(00:07)} 1/2-1/2

[Event "42nd Olympiad Baku 2016 Open"]
[Site "Baku"]
[Date "2016.09.06"]
[Round "5.5"]
[White "Matamoros Franco, Carlos S"]
[Black "Lodhi, Mahmood"]
[Result "1-0"]
[ECO "E62"]
[WhiteElo "2488"]
[BlackElo "2334"]
[Annotator ""]
[PlyCount "79"]
[EventDate "2016.??.??"]
[EventType "team-tourn"]
[EventCountry "AZE"]
[SourceTitle "playchess.com"]
[Source "ChessBase"]
[WhiteTeam "Ecuador"]
[BlackTeam "Pakistan"]
[WhiteTeamCountry "ECU"]
[BlackTeamCountry "PAK"]
[TimeControl "40/5400+30:1800+30"]

1. Nf3 {(00:00)} Nf6 {(00:00)} 2. c4 {(00:00)} g6 {
(00:00)} 3. g3 {(00:00)} Bg7 {(00:00)} 4. Bg2 {(00:
00)} O-O {(00:10)} 5. O-O {(00:00)} d6 {(00:26)} 6. d4 {
(00:05)} Nc6 {(00:37)} 7. Nc3 {(00:10)} e5 {(00:22]
} 8. dxe5 {(00:49)} dxe5 {(00:51)} 9. Bg5 {(00:16)} Be6 {
(01:16)} 10. Qa4 {(00:22)} Qc8 {(01:38)} 11. Rfd1 {
(06:44)} Nd7 {(04:01)} 12. Nd5 {(10:22)} Nb6 {(01:
48)} 13. Qc2 {(07:56)} f6 {(02:51)} 14. Be3 {(03:00)} Rf7
{(01:53)} 15. Nd2 {(05:53)} f5 {(06:55)} 16. Nb3 {(
03:15)} Nd7 {(08:59)} 17. Qd2 {(05:39)} e4 {(07:21)} 18.
Rac1 {(04:28)} a5 {(19:14)} 19. f3 {(03:26)} exf3 {
(04:12)} 20. exf3 {(02:51)} a4 {(21:00)} 21. Nd4 {(
00:28)} Bxd5 {(02:14)} 22. cxd5 {(00:10)} Nxd4 {(00:05)}
23. Bxd4 {(00:05)} Bxd4+ {(00:07)} 24. Qxd4 {(00:04)} Nf6
{(00:07)} 25. d6 {(27:12)} c6 {(00:13)} 26. Bf1 {(
00:07)} Kg7 {(03:26)} 27. Bc4 {(00:07)} Rf8 {(00:40)} 28.
Re1 {(12:17)} Re8 {(01:16)} 29. Re7+ {(00:03)} Rxe7 {
(00:08)} 30. dxe7 {(00:01)} Qe8 {(00:25)} 31. Re1 {
(00:17)} c5 {(02:26)} 32. Qxc5 {(03:23)} Qc6 {(08:
33)} 33. Qd4 {(00:51)} b6 {(00:53)} 34. Bd5 {(02:40)} Qxd5
{(02:09)} 35. Qxd5 {(00:05)} Nxd5 {(00:04)} 36. e8=Q {
(00:04)} Rxe8 {(00:09)} 37. Rxe8 {(00:05)} Nb4 {(
00:15)} 38. Rb8 {(00:47)} Nxa2 {(00:20)} 39. Rxb6 {(00:05]
} Nc1 {(00:07)} 40. Rb7+ {(00:00)} 1-0

[Event "42nd Olympiad Baku 2016 Open"]
[Site "Baku"]
[Date "2016.09.06"]
[Round "5.12"]
[White "Maung, Maung Kyaw Zaw Hein"]
[Black "Guzman, Christopher"]
[Result "1/2-1/2"]
[ECO "A17"]
[WhiteElo "2031"]
[BlackElo "2259"]
[Annotator ""]
[PlyCount "103"]
[EventDate "2016.??.??"]
[EventType "team-tourn"]
[EventCountry "AZE"]
[SourceTitle "playchess.com"]
[Source "ChessBase"]
[WhiteTeam "Myanmar"]
[BlackTeam "Dominican Republic"]
[WhiteTeamCountry "MYA"]
[BlackTeamCountry "DOM"]
[TimeControl "40/5400+30:1800+30"]

1. Nf3 {(00:00)} Nf6 {(00:15)} 2. c4 {(00:00)} e6 {
(02:05)} 3. Nc3 {(00:00)} b6 {(01:47)} 4. d4 {(02:
23)} Bb7 {(00:09)} 5. Bg5 {(00:32)} h6 {(03:47)} 6. Bxf6 {
(01:03)} Qxf6 {(00:02)} 7. e3 {(00:42)} Bb4 {(04:
54)} 8. Rc1 {(00:40)} O-O {(00:26)} 9. Be2 {(01:53)} d6 {
(00:27)} 10. a3 {(01:16)} Bxc3+ {(00:08)} 11. Rxc3 {
(00:04)} Nd7 {(00:07)} 12. O-O {(01:05)} a5 {(00:
56)} 13. Nd2 {(05:53)} a4 {(00:43)} 14. Bf3 {(00:59)} Bxf3
{(00:32)} 15. Qxf3 {(02:08)} Qxf3 {(01:11)} 16. Nxf3 {
(00:25)} Ra5 {(00:10)} 17. Rd1 {(01:06)} Re8 {(01:
17)} 18. Kf1 {(01:06)} e5 {(00:19)} 19. dxe5 {(00:12)}
Nxe5 {(00:02)} 20. Nxe5 {(00:14)} Rexe5 {(00:44)} 21. Ke2
{(00:54)} Kf8 {(00:03)} 22. Rd2 {(01:57)} Ke8 {(00:
18)} 23. Rd4 {(00:40)} Kd7 {(00:23)} 24. Rc2 {(01:24)} Rh5
{(00:24)} 25. h3 {(01:20)} Rag5 {(00:41)} 26. Kf3 {
(00:58)} Rc5 {(00:02)} 27. Rcd2 {(00:30)} Rhe5 {(
00:27)} 28. g4 {(01:23)} h5 {(10:26)} 29. Ke2 {(02:34)}
hxg4 {(00:12)} 30. hxg4 {(00:07)} Kc6 {(00:08)} 31. Rd1 {
(21:39)} d5 {(09:08)} 32. f4 {(01:24)} Re8 {(00:01]
} 33. cxd5+ {(00:25)} Kd6 {(00:02)} 34. Rxa4 {(03:01)} Rh8
{(01:15)} 35. Rd2 {(03:25)} Rh2+ {(01:19)} 36. Kd3 {
(01:21)} Rxd5+ {(00:23)} 37. Rd4 {(00:08)} Rxd4+ {(
00:11)} 38. exd4 {(00:08)} Rh4 {(00:24)} 39. Rg2 {(04:40)}
Kd5 {(00:10)} 40. Rg3 {(00:00)} Rh2 {(00:00)} 41. b3 {
(02:03)} Rf2 {(01:47)} 42. f5 {(00:50)} Rf4 {(00:
31)} 43. Kc3 {(01:01)} f6 {(01:35)} 44. a4 {(00:41)} Rxd4
{(26:31)} 45. Rd3 {(03:01)} c5 {(03:06)} 46. Kd2 {(
12:06)} Ke4 {(03:04)} 47. Rxd4+ {(00:08)} Kxd4 {(00:16)}
48. Kc2 {(00:30)} Ke3 {(08:23)} 49. Kc3 {(00:12)} Kf4 {
(00:01)} 50. Kc4 {(00:24)} Kxg4 {(00:03)} 51. Kb5 {
(00:11)} Kxf5 {(00:13)} 52. Kxb6 {(00:07)} 1/2-1/2

[Event "42nd Olympiad Baku 2016 Open"]
[Site "Baku"]
[Date "2016.09.06"]
[Round "5.13"]
[White "Mavuso, Lunga"]
[Black "Mohamed Hassan"]
[Result "0-1"]
[ECO "A45"]
[WhiteElo "1516"]
[BlackElo "1855"]
[Annotator ""]
[PlyCount "68"]
[EventDate "2016.??.??"]
[EventType "team-tourn"]
[EventCountry "AZE"]
[SourceTitle "playchess.com"]
[Source "ChessBase"]
[WhiteTeam "SWZ"]
[BlackTeam "Maldives"]
[BlackTeamCountry "MDV"]
[TimeControl "40/5400+30:1800+30"]

1. d4 {(00:00)} Nf6 {(00:00)} 2. Bf4 {(00:00)} d5 {
(00:53)} 3. e3 {(00:00)} c6 {(00:17)} 4. Bd3 {(00:
00)} Bg4 {(00:28)} 5. Nf3 {(00:14)} e6 {(00:08)} 6. Nbd2 {
(01:13)} Be7 {(00:42)} 7. c3 {(01:46)} Nbd7 {(00:
33)} 8. Qc2 {(00:28)} a5 {(10:00)} 9. h3 {(00:13)} Bh5 {
(00:12)} 10. g4 {(00:10)} Bg6 {(00:19)} 11. Bxg6 {(
02:33)} hxg6 {(00:12)} 12. Ne5 {(00:24)} Nxe5 {(01:09)}
13. dxe5 {(06:34)} Nxg4 {(00:44)} 14. Nf3 {(03:17)} Nh6 {
(00:53)} 15. O-O-O {(00:19)} a4 {(00:45)} 16. e4 {(
02:35)} a3 {(00:12)} 17. b3 {(00:20)} Qc7 {(01:25)} 18.
exd5 {(02:40)} cxd5 {(00:20)} 19. Nd4 {(01:57)} Rc8 {
(00:55)} 20. c4 {(15:19)} Nf5 {(00:57)} 21. Nxf5 {(
07:30)} gxf5 {(00:14)} 22. Rd4 {(42:13)} b5 {(01:57)} 23.
Rxd5 {(09:26)} exd5 {(01:34)} 24. Qxf5 {(00:05)} Qd7 25.
Qxd7+ {(01:17)} Kxd7 {(01:10)} 26. Rd1 {(00:06)} bxc4 {
(00:12)} 27. Rxd5+ {(00:18)} Ke6 {(00:27)} 28. Rb5 {
(01:42)} cxb3+ {(00:14)} 29. Kb1 {(00:15)} b2 {(00:
58)} 30. Rb6+ {(00:42)} Kf5 {(00:23)} 31. e6 {(01:09)}
Rxh3 {(01:01)} 32. Rb5+ {(00:05)} Kxf4 {(00:29)} 33. Rb4+
{(00:13)} Bxb4 {(00:24)} 34. exf7 {(00:30)} Rc1# {(
00:13)} 0-1

[Event "42nd Olympiad Baku 2016 Open"]
[Site "Baku"]
[Date "2016.09.06"]
[Round "5.10"]
[White "Maze, Sebastien"]
[Black "Bachmann, Axel"]
[Result "0-1"]
[ECO "B44"]
[WhiteElo "2617"]
[BlackElo "2641"]
[Annotator ""]
[PlyCount "86"]
[EventDate "2016.??.??"]
[EventType "team-tourn"]
[EventCountry "AZE"]
[SourceTitle "playchess.com"]
[Source "ChessBase"]
[WhiteTeam "France"]
[BlackTeam "Paraguay"]
[WhiteTeamCountry "FRA"]
[BlackTeamCountry "PAR"]
[TimeControl "40/5400+30:1800+30"]

1. e4 {(00:00)} c5 {(00:00)} 2. Nf3 {(00:00)} Nc6 {
(00:05)} 3. d4 {(00:19)} cxd4 {(00:08)} 4. Nxd4 {(
00:03)} e6 {(00:07)} 5. Nb5 {(00:42)} d6 {(01:52)} 6. c4 {
(00:44)} a6 {(05:03)} 7. N5a3 {(00:14)} Nf6 {(00:
29)} 8. Nc3 {(00:03)} Be7 {(02:44)} 9. Be2 {(00:03)} O-O {
(00:42)} 10. O-O {(00:02)} b6 {(01:05)} 11. Be3 {(
00:08)} Ne5 {(11:29)} 12. f4 {(03:29)} Ned7 {(01:16)} 13.
Bf3 {(00:09)} Bb7 {(00:05)} 14. Qe2 {(07:26)} Rc8 {
(04:29)} 15. Rac1 {(03:49)} Rc7 {(12:29)} 16. Bf2 {
(19:51)} Qa8 {(02:17)} 17. Rfe1 {(00:28)} Rfc8 {(
00:58)} 18. Qd2 {(06:10)} Nc5 {(08:57)} 19. Qe2 {(00:05)}
Ncd7 {(00:05)} 20. Qd2 {(00:03)} Bf8 {(09:24)} 21. g3 {
(02:14)} d5 {(08:37)} 22. cxd5 {(02:41)} exd5 {(00:
35)} 23. exd5 {(01:51)} b5 {(05:01)} 24. Nc2 {(00:57)} b4
{(00:32)} 25. Na4 {(07:53)} Nxd5 {(01:43)} 26. Nd4 {
(03:50)} N5f6 {(07:41)} 27. Rxc7 {(01:07)} Rxc7 {(
00:04)} 28. Bxb7 {(00:25)} Qxb7 {(00:04)} 29. Qe2 {(04:53]
} h5 {(02:14)} 30. Qf3 {(00:27)} Qc8 {(00:33)} 31. h3 {
(13:15)} Rc1 {(01:18)} 32. Qe3 {(06:22)} Rxe1+ {(
00:05)} 33. Qxe1 {(00:04)} Qa8 {(03:59)} 34. Qd1 {(03:58)}
Ne4 {(04:36)} 35. Nf3 {(00:45)} Ndf6 {(00:34)} 36. b3 {
(08:27)} Qc8 {(00:33)} 37. Ng5 {(02:14)} g6 {(02:
31)} 38. Kg2 {(01:48)} Nxg5 {(00:39)} 39. fxg5 {(00:04)}
Ne4 {(00:06)} 40. Be3 {(00:00)} Qc6 {(00:00)} 41. Nb6 {
(08:34)} Nxg5+ {(08:27)} 42. Qd5 {(03:28)} Qc2+ {(
00:07)} 43. Bd2 {(00:02)} Ne4 {(01:22)} 0-1

[Event "42nd Olympiad Baku 2016 Open"]
[Site "Baku"]
[Date "2016.09.06"]
[Round "5.14"]
[White "McShane, Luke J"]
[Black "Nguyen, Ngoc Truong Son"]
[Result "1/2-1/2"]
[ECO "C84"]
[WhiteElo "2671"]
[BlackElo "2633"]
[Annotator ""]
[PlyCount "101"]
[EventDate "2016.??.??"]
[EventType "team-tourn"]
[EventCountry "AZE"]
[SourceTitle "playchess.com"]
[Source "ChessBase"]
[WhiteTeam "England"]
[BlackTeam "Vietnam"]
[WhiteTeamCountry "ENG"]
[BlackTeamCountry "VIE"]
[TimeControl "40/5400+30:1800+30"]

1. e4 {(00:00)} e5 {(00:00)} 2. Nf3 {(00:00)} Nc6 {
(00:00)} 3. Bb5 {(00:00)} a6 {(00:24)} 4. Ba4 {(00:
00)} Nf6 {(00:30)} 5. O-O {(00:11)} Be7 {(00:51)} 6. d3 {
(00:16)} b5 {(00:24)} 7. Bb3 {(00:06)} O-O {(00:26]
} 8. Re1 {(07:00)} Bb7 {(11:17)} 9. Nbd2 {(02:27)} d6 {
(01:16)} 10. c3 {(00:38)} Nb8 {(02:59)} 11. Nf1 {(
00:33)} Nbd7 {(00:19)} 12. Ng3 {(00:26)} Nc5 {(09:19)} 13.
Bc2 {(00:33)} g6 {(00:36)} 14. d4 {(01:34)} Ncd7 {(
03:16)} 15. h3 {(05:05)} Re8 {(03:33)} 16. Bg5 {(20:56)}
c5 {(03:59)} 17. Qd2 {(13:21)} Rc8 {(21:18)} 18. d5 {
(04:49)} c4 {(00:57)} 19. Be3 {(01:52)} Nc5 {(02:
28)} 20. b4 {(04:25)} cxb3 {(03:26)} 21. axb3 {(01:25)}
Qc7 {(02:49)} 22. Rec1 {(00:56)} Ncd7 {(00:20)} 23. c4 {
(03:59)} bxc4 {(00:38)} 24. bxc4 {(00:08)} Nc5 {(
00:43)} 25. Qb4 {(05:27)} Nfd7 {(00:22)} 26. Nd2 {(01:48)}
Ra8 {(05:53)} 27. Ne2 {(07:46)} Reb8 {(01:04)} 28. Nc3 {
(01:29)} Qd8 {(00:27)} 29. Qa5 {(00:43)} Bc8 {(03:
45)} 30. Qxd8+ {(03:05)} Bxd8 {(00:05)} 31. Na4 {(05:08)}
Rb4 {(03:41)} 32. Rcb1 {(03:19)} Rab8 {(00:50)} 33. Rxb4 {
(00:06)} Rxb4 {(00:03)} 34. Nc3 {(01:17)} Rb2 {(01:
01)} 35. Ra2 {(01:25)} Rxa2 {(00:52)} 36. Nxa2 {(00:05)}
Ba5 {(03:08)} 37. Nb3 {(01:28)} Nxb3 {(03:20)} 38. Bxb3 {
(00:02)} Kf8 {(05:11)} 39. Kf1 {(00:18)} Ke7 {(01:
10)} 40. Ke2 {(00:00)} Bb6 {(00:00)} 41. Bg5+ {(04:57)} f6
{(02:10)} 42. Bc1 {(00:11)} Nc5 {(04:54)} 43. Be3 {
(07:17)} f5 {(02:02)} 44. exf5 {(03:19)} Bxf5 {(00:
38)} 45. Nb4 {(01:22)} a5 {(06:01)} 46. Bxc5 {(01:06)}
Bxc5 {(03:24)} 47. Nc6+ {(00:06)} Kf6 {(02:45)} 48. Nxa5 {
(00:07)} Bb4 {(01:11)} 49. Nc6 {(00:47)} Bc5 {(00:
06)} 50. Nd8 {(02:28)} Ke7 {(00:16)} 51. Ne6 {(00:10)}
1/2-1/2